 Dungeon Crawl Stone Soup version 0.28-a0-479-g5baa6b73be (webtiles) character file.

Game seed: 12510514384469943197

60739 siradein the Blocker (level 14, -22/133 HPs)
             Began as a Minotaur Fighter on Sept 17, 2021.
             Was an Initiate of Gozag.
             Killed from afar by a fire dragon (34 damage)
             ... with a blast of flame
             ... on level 6 of the Lair of Beasts.
             The game lasted 00:52:22 (25989 turns).

siradein the Blocker (Minotaur Fighter)            Turns: 25989, Time: 00:52:22

Health: -22/133    AC: 12    Str: 24    XL:     14   Next: 58%
Magic:  13/13      EV: 15    Int:  6    God:    Gozag
Gold:   2796       SH:  5    Dex: 19    Spells: 13/13 levels left

rFire   . . .      SeeInvis .   i - +2 great sword (freeze)
rCold   . . .      Faith    .   (shield currently unavailable)
rNeg    . . .      Spirit   .   Y - +2 robe of Vines {NoPotionHeal Regen+++}
rPois   .          Reflect  +   (helmet restricted)
rElec   .          Harm     .   I - +0 cloak
rCorr   .          Rampage  .   R - +0 pair of gloves
Will    +....                   (no boots)
Stlth   ++........              C - amulet "Xiwewal" {Reflect Dex+2 Slay+2 SH+5}
HPRegen 3.32/turn               T - +6 ring of dexterity
MPRegen 0.13/turn               O - +4 ring of protection

@: gold aura
A: horns 2, retaliatory headbutt
a: Renounce Religion, Potion Petition, Call Merchant, Bribe Branch


You were on level 6 of the Lair of Beasts.
You worshipped Gozag.
Gozag was most pleased with you.
You visited 3 branches of the dungeon, and saw 18 of its levels.

You collected 5105 gold pieces.
You spent 1787 gold pieces at shops.
You paid 522 gold pieces to Gozag.

Inventory:

Hand Weapons
 c - the +8 shortbow "Meantibo" {speed, rElec}
   (You found it on level 5 of the Lair of Beasts)

   Attacks with this weapon are significantly faster.
   rElec:     It insulates you from electricity.
 i - a +2 great sword of freezing (weapon)
 U - a +2 trident of flaming
Missiles
 j - 196 arrows
 l - 49 poisoned darts (quivered)
 v - 6 javelins
 L - 2 curare-tipped darts
Armour
 I - a +0 cloak (worn)
 R - a +0 pair of gloves (worn)
 Y - the +2 robe of Vines (worn) {NoPotionHeal Regen+++}
   (You found it on level 1 of the Lair of Beasts)

   Its wearer cannot be healed by potions.
   Regen:     It increases your rate of health regeneration.
Jewellery
 b - a ring of resist corrosion
 p - a ring of protection from cold
 B - a ring of positive energy
 C - the amulet "Xiwewal" (around neck) {Reflect Dex+2 Slay+2 SH+5}
   (You found it on level 6 of the Lair of Beasts)

   [amulet of reflection]

   It reflects blocked missile attacks.
   Dex:       It affects your dexterity (+2).
   Slay:      It affects your accuracy & damage with ranged weapons and melee
   (+2).
   SH:        It affects your SH (+5).
 O - a +4 ring of protection (right hand)
 T - a +6 ring of dexterity (left hand)
 Z - a +6 ring of strength
Wands
 d - a wand of mindburst (18)
 w - a wand of polymorph (17)
 x - a wand of iceblast (22)
 y - a wand of flame (74)
 W - a wand of digging (4)
 X - a wand of paralysis (14)
Scrolls
 a - a scroll of summoning {unknown}
 f - 12 scrolls of teleportation
 g - 8 scrolls of fear
 o - 2 scrolls of blinking {unknown}
 q - 3 scrolls of enchant armour
 s - 3 scrolls of acquirement
 u - a scroll of holy word {unknown}
 A - a scroll of magic mapping {unknown}
 D - 2 scrolls of brand weapon {unknown}
 E - a scroll of silence {unknown}
 F - 3 scrolls of enchant weapon {unknown}
 N - 4 scrolls of amnesia
 S - 3 scrolls of identify
Potions
 e - 2 potions of cancellation
 h - 6 potions of curing
 k - 2 potions of flight {unknown}
 m - 6 potions of lignification
 n - 2 potions of magic {unknown}
 t - a potion of resistance {unknown}
 z - a potion of ambrosia {unknown}
 G - 5 potions of might
 H - a potion of invisibility
 J - 2 potions of haste {unknown}
 M - 3 potions of brilliance
 Q - 2 potions of attraction {unknown}
 V - a potion of heal wounds {unknown}
Miscellaneous
 r - a box of beasts
 K - a condenser vane
 P - a tin of tremorstones (2/2)


   Skills:
 + Level 14.3 Fighting
 + Level 14.1 Long Blades
 + Level 2.7 Bows
 + Level 14.3 Armour
 + Level 5.4 Dodging
 + Level 14.4 Shields
 + Level 7.5 Evocations


You had 13 spell levels left.
You didn't know any spells.
Your spell library contained the following spells:

 Spells                   Type           Power      Damage    Failure   Level
 Animate Skeleton         Necr           0%         N/A       45%         1
 Apportation              Tloc           0%         N/A       45%         1
 Sandblast                Erth           0%         2d4       45%         1
 Summon Small Mammal      Summ           0%         N/A       45%         1
 Passwall                 Tmut/Erth      0%         N/A       58%         2
 Frozen Ramparts          Ice            0%         1d2       83%         3
 Gell's Gravitas          Tloc           0%         N/A       83%         3
 Inner Flame              Hex/Fire       0%         N/A       83%         3
 Lesser Beckoning         Tloc           0%         N/A       83%         3
 Stone Arrow              Conj/Erth      0%         3d7       83%         3
 Teleport Other           Tloc           0%         N/A       83%         3
 Cause Fear               Hex            0%         N/A       99%         4
 Ice Form                 Ice/Tmut       0%         N/A       99%         4
 Summon Ice Beast         Ice/Summ       0%         N/A       99%         4
 Iskenderun's Battlesphe  Conj           0%         2d6       100%        5
 Conjure Ball Lightning   Conj/Air       0%         3x3d6     100%        6
 Iron Shot                Conj/Erth      0%         9d1       100%        6
 Spellforged Servitor     Conj/Summ      0%         N/A       100%        7
 Discord                  Hex            0%         N/A       100%        8
 Disjunction              Tloc           0%         N/A       100%        8


Dungeon Overview and Level Annotations

Branches:
Dungeon (11/15)            Temple (1/1) D:5            Lair (6/6) D:8
  Swamp (0/4) Lair:3       Spider (0/4) Lair:3        Slime (0/5) Lair:5
    Orc (0/2) D:10

Altars:
Ashenzari
Cheibriados
Dithmenos
Elyvilon
Fedhas
Gozag
Hepliaklqana
Kikubaaqudgha
Makhleb
Nemelex Xobeh
Okawaru
Qazlal
Ru
Sif Muna
Trog
Uskayaw
Vehumet
Wu Jian
Xom
Yredelemnul
Zin
The Shining One
Beogh

Shops:
D:3 :   D:6 =   Lair:2 (

Annotations:
Lair:5 3 runed translucent doors, Bihe's ghost, journeyman HuBe


Innate Abilities, Weirdness & Mutations

You have a pair of horns on your head.
You reflexively headbutt those who attack you in melee.


Message History

You feel very sick.
Really walk into that cloud of poison gas?
You are engulfed in poison gas.
You are more poisoned.
You feel extremely sick.
You are engulfed in poison gas.
You are more poisoned.
You feel extremely sick.
You feel extremely sick.
You feel extremely sick.
You feel very sick.
You feel very sick.
You feel very sick.
You feel very sick.
You feel very sick.
You feel sick.
You see here a +0 hand axe.
You feel sick.
You feel sick.
You feel sick. The fire dragon breathes flames at you.
The blast of flame hits you!!
* * * LOW HITPOINT WARNING * * *
You hear a roar!
You hear an angry hiss.
You feel sick.
You enter the shallow water.
Moving in this stuff is going to be slow.
You feel sick.
You feel sick.
You are no longer poisoned.
You enter the shallow water.
Moving in this stuff is going to be slow.
The fire dragon breathes flames at you. The blast of flame hits you!!!
* * * LOW HITPOINT WARNING * * *
You hear an angry hiss.
The fire dragon breathes flames at you. The blast of flame hits you!!
You die...
Your body crumbles into a pile of gold.

........##.......#...###.#....P..
........##......##....#.....+.'..
.......#........#....##.....##..#
........#.##....#.P.###..#####...
........#..#....##### #### ####
.........#......P♣
................≈♣♣♣♣♣♣♣♣♣♣
................≈≈♣♣.≈♣.♣P♣♣♣♣
................@§.D≈≈≈....P.♣♣
................P.[≈♣.≈≈.♣♣)..♣♣♣
.................♣♣♣♣♣♣≈≈.♣..♣..♣
................#♣ ♣♣♣.≈♣P....
.##......##...P.# ♣♣≈≈≈..≈.
..#....P.P#...P## ♣≈P≈≈≈≈.
...#....PP.....# ...≈..♣♣♣≈≈
..#............# .≈≈≈.♣♣ ♣♣.
.#.#.....#P....# ≈≈.P♣♣ ♣♣


You could see a fire dragon (catching breath).

Vanquished Creatures
  A boulder beetle (D:11)
  A catoblepas (Lair:6)
  9 hydras
  A centaur warrior (D:8)
  A two-headed ogre (D:6)
  5 death yaks
  Nergalle (D:10)
  A skeletal warrior (D:8)
  A swamp dragon (Lair:6)
  A bog body (Lair:3)
  4 lindwurms
  4 wolf spiders (Lair:3)
  An oklob plant (Lair:1)
  3 slime creatures (D:10)
  2 manticores (Lair:6)
  Maurice (D:8)
  9 black mambas
  Joseph (D:8)
  3 elephants (Lair:5)
  A torpor snail (Lair:6)
  12 cane toads
  A gargoyle (D:10)
  A kobold demonologist (D:10)
  Psyche (D:7)
  5 rime drakes (Lair:6)
  6 komodo dragons
  2 polar bears
  11 dream sheep
  2 trolls
  3 hornets
  17 blink frogs
  62 yaks
  6 basilisks
  A wraith (D:9)
  7 wyverns
  3 steam dragons
  8 vampire mosquitoes
  3 swamp worms (Lair:3)
  An acid dragon (D:7)
  21 water moccasins
  A swamp drake (Lair:6)
  3 ice beasts
  A sky beast (D:8)
  3 black bears
  6 orc warriors
  5 ogres
  2 necrophages (D:6)
  4 boggarts (Lair:5)
  17 wolves
  4 centaurs
  2 phantoms (D:6)
  2 kobold brigands (D:9)
  16 bullfrogs
  2 water moccasin skeletons
  14 killer bees
  6 wights
  4 electric eels
  A howler monkey (D:7)
  3 centaur zombies
  3 hounds
  8 orc priests
  A bullfrog zombie (D:5)
  7 jellies
  3 bullfrog skeletons
  A gnoll shaman (D:4)
  Jessica (D:2)
  9 iguanas
  12 orc wizards
  A killer bee zombie (D:9)
  12 gnolls
  A howler monkey skeleton (D:7)
  8 adders
  2 white imps
  2 ufetubi
  The ghost of SkeletonJelly the Sneak, a weakling DgDe (D:5)
  3 dart slugs
  57 orcs
  5 ball pythons
  6 endoplasms
  2 giant cockroaches (D:2)
  7 goblins
  6 hobgoblins
  10 jackals (D:1)
  17 kobolds
  5 quokkas
  5 bats
  2 frilled lizards
  2 rats (D:3)
519 creatures vanquished.

Vanquished Creatures (others)
  An orc (D:5)
  18 fungi
  46 plants
65 creatures vanquished.

Grand Total: 584 creatures vanquished

Notes
Turn   | Place    | Note
-------+----------+-------------------------------------------
     0 | D:1      | siradein the Minotaur Fighter began the quest for the Orb.
     0 | D:1      | Reached XP level 1. HP: 19/19 MP: 0/0
   266 | D:1      | Found a faded altar of an unknown god.
   329 | D:1      | Reached XP level 2. HP: 27/27 MP: 1/1
   553 | D:1      | Reached XP level 3. HP: 33/33 MP: 2/2
  1271 | D:2      | Noticed Jessica
  1277 | D:2      | Killed Jessica
  1278 | D:2      | Reached XP level 4. HP: 23/41 MP: 3/3
  1990 | D:3      | Found Benuire's Book Shop.
  2663 | D:3      | Reached XP level 5. HP: 35/47 MP: 4/4
  2874 | D:4      | Noticed an ogre
  2881 | D:4      | Killed an ogre
  2882 | D:4      | Reached skill level 5 in Fighting
  2882 | D:4      | Reached skill level 5 in Armour
  2882 | D:4      | Reached skill level 5 in Shields
  2886 | D:4      | Reached XP level 6. HP: 54/56 MP: 5/5
  3547 | D:4      | Reached XP level 7. HP: 62/62 MP: 6/6
  3556 | D:4      | Reached skill level 5 in Long Blades
  4482 | D:5      | Entered Level 5 of the Dungeon
  4633 | D:5      | Found a staircase to the Ecumenical Temple.
  4643 | Temple   | Entered the Ecumenical Temple
  4742 | Temple   | Became a worshipper of Gozag Ym Sagoz the Greedy
  4918 | D:5      | Noticed a steam dragon
  5583 | D:5      | Killed a steam dragon
  5839 | D:5      | Reached XP level 8. HP: 65/71 MP: 7/7
  6639 | D:5      | Found a runed translucent gate.
  6639 | D:5      | Noticed SkeletonJelly's ghost (weakling DgDe)
  6640 | D:5      | Found a runed translucent gate.
  6640 | D:5      | Identified the +4 spear of Agony {vorpal, Will- Int+4
                  | Dex+2}
  6640 | D:5      | Identified the +3 chain mail "Doicosa" {+Blink Regen+
                  | Int-5}
  6641 | D:5      | Found a runed translucent gate.
  7003 | D:6      | Found an ancient bone altar of Kikubaaqudgha.
  7003 | D:6      | Found a blossoming altar of Fedhas.
  7800 | D:6      | Found Xillaebb's Jewellery Boutique.
  8049 | D:6      | Reached XP level 9. HP: 80/81 MP: 8/8
  8362 | D:6      | Noticed a two-headed ogre
  8377 | D:6      | Killed a two-headed ogre
  9486 | D:6      | Bought an amulet of reflection for 390 gold pieces
  9773 | D:7      | Found a shimmering blue altar of Sif Muna.
 10135 | D:8      | Noticed a troll
 10135 | D:8      | Noticed a centaur warrior
 10147 | D:7      | Reached XP level 10. HP: 70/91 MP: 9/9
 10780 | D:8      | Noticed Joseph
 10965 | D:8      | Noticed Psyche
 10981 | D:8      | Killed Joseph
 11130 | D:7      | Reached skill level 10 in Fighting
 11130 | D:7      | Reached skill level 10 in Shields
 11152 | D:7      | Killed Psyche
 11153 | D:7      | Reached skill level 10 in Armour
 11396 | D:8      | Found a staircase to the Lair.
 11549 | D:8      | Noticed a skeletal warrior
 11590 | D:8      | Reached skill level 10 in Long Blades
 11693 | D:8      | Killed a centaur warrior
 11739 | D:8      | Identified the +5 hand axe of Muevep {protect, rCorr Str+2}
 11989 | D:8      | Noticed Maurice
 12003 | D:8      | Killed Maurice
 12380 | D:8      | HP: 3/94 [skeletal warrior (19)]
 12622 | D:9      | Reached XP level 11. HP: 41/101 MP: 10/10
 13440 | D:9      | Found a glowing golden altar of the Shining One.
 13634 | D:9      | Found a hazy altar of Hepliaklqana.
 14584 | D:8      | Killed a skeletal warrior
 15051 | D:6      | Bought a +4 ring of protection for 468 gold pieces
 15129 | D:5      | Killed SkeletonJelly's ghost
 15330 | D:10     | Entered Level 10 of the Dungeon
 15411 | D:10     | Reached skill level 1 in Evocations
 15952 | D:10     | Found a broken altar of Ashenzari.
 16238 | D:10     | Noticed Nergalle
 16269 | D:10     | Killed Nergalle
 16722 | D:10     | Found a staircase to the Orcish Mines.
 17234 | D:11     | Reached XP level 12. HP: 112/112 MP: 11/11
 17829 | D:11     | Noticed a boulder beetle
 17860 | D:11     | Killed a boulder beetle
 18453 | Lair:1   | Entered Level 1 of the Lair of Beasts
 18492 | Lair:1   | Noticed an eight-headed hydra
 18582 | D:6      | Bought a +6 ring of dexterity for 760 gold pieces
 19097 | Lair:1   | Noticed a five-headed hydra
 19118 | Lair:1   | Killed a five-headed hydra
 19550 | Lair:1   | Killed an eight-headed hydra
 19741 | Lair:1   | Found the +2 robe of Vines {NoPotionHeal Regen+++}
 20378 | Lair:2   | Noticed a four-headed hydra
 20398 | Lair:1   | Killed a four-headed hydra
 20426 | Lair:2   | Reached skill level 5 in Evocations
 20911 | Lair:2   | Reached XP level 13. HP: 97/122 MP: 12/12
 21288 | Lair:2   | Bought a +1 vorpal scimitar for 169 gold pieces
 21624 | Lair:3   | Reached skill level 1 in Dodging
 22060 | Lair:3   | Found a staircase to the Swamp.
 22327 | Lair:3   | Found a hole to the Spider Nest.
 22409 | Lair:3   | Identified 3 scrolls of acquirement
 22787 | Lair:4   | Identified the +1 chain mail of the Lair of Beasts {rElec
                  | rC+ SInv}
 23222 | Lair:5   | Reached XP level 14. HP: 130/130 MP: 13/13
 23581 | Lair:5   | Found a runed translucent gate.
 23581 | Lair:5   | Found a runed translucent gate.
 23582 | Lair:5   | Found a runed translucent gate.
 23586 | Lair:5   | Noticed Bihe's ghost (journeyman HuBe)
 23743 | Lair:5   | Identified the +8 shortbow "Meantibo" {speed, rElec}
 24701 | Lair:5   | Found a staircase to the Slime Pits.
 25127 | Lair:6   | Entered Level 6 of the Lair of Beasts
 25321 | Lair:6   | Reached skill level 1 in Bows
 25478 | Lair:6   | Reached skill level 5 in Dodging
 25638 | Lair:6   | Identified the amulet "Xiwewal" {Reflect Dex+2 Slay+2 SH+5}
 25989 | Lair:6   | Killed from afar by a fire dragon

Illustrated notes

Levels and vault maps discovered:
D:1:      dpeg_arrival_round_b, layout_basic, shapermc_ecumenical_altar_ellora,
          hangedman_decor_opposing
D:2:      layout_basic, uniq_jessica
D:3:      layout_basic, serial_shops, shop
D:4:      layout_loops_ring
D:5:      layout_loops_ring, minmay_temple_entry_glass,
          biasface_ghost_orc_armoury, minmay_between
D:6:      layout_basic, grunt_temple_overflow_growth_and_decay,
          columned_hall_lemuel, minmay_shop_enchanted_jewellery,
          minmay_microvault
D:7:      layout_loops_ring, nicolae_sif_muna_condensation,
          minmay_misc_feat_secret_circle
D:8:      layout_loops_ring, minmay_lair_entry_grove, minmay_diamond_spiral,
          uniq_maurice, uniq_joseph, uniq_psyche
D:9:      layout_loops_cross, lemuel_tele_altar,
          mainiacjoe_overflow_six_doors_small, special_room [special_room_orc],
          kennysheep_generic_room_2
D:10:     layout_irregular_city, amcnicky_altar_gilded, hiddenorc1_lemuel,
          uniq_nergalle
D:11:     layout_basic
Temple:   lightli_temple_of_artemis
Lair:1:   layout_cave_pods, minivault_24, hellmonk_guarded_unrand_vines
Lair:2:   nzn_winding_woodlands_small [nzn_winding_woodlands_5x15_split_checker,
          nzn_winding_woodlands_center_lodge,
          nzn_winding_woodlands_5x15_pockets], layout_misc_corridors
Lair:3:   layout_chaotic_city, nicolae_swamp_entry_splash_gauntlet,
          spider_nest_entry_funnel_web, eino_small_chamber_without_monster
Lair:4:   layout_misc_corridors, grunt_megastairs_2
Lair:5:   layout_regular_city, nicolae_slime_entry_slimehenge,
          gammafunk_ghost_icy, kilobyte_rumbling_trees
Lair:6:   hangedman_lair_in_review, layout_regular_city,
          guppyfry_lair_end_dragon

Skill      XL: |  1  2  3  4  5  6  7  8  9 10 11 12 13 14 |
---------------+-------------------------------------------+-----
Fighting       | 4 5 6 7 9 10 12 13 14 | 14.3
Shields        | 4 5 6 8 9 10 11 13 14 | 14.4
Armour         | 4 5 6 7 9 10 11 12 13 14 | 14.3
Long Blades    | 3 4 5 7 8 10 11 12 13 14 | 14.1
Evocations     | 2 5 6 7 |  7.5
Dodging        | 3 5 |  5.4
Bows           | 2 |  2.7

Action                   |  1- 3 |  4- 6 |  7- 9 | 10-12 | 13-15 || total
-------------------------+-------+-------+-------+-------+-------++-------
Melee: Long sword        |    80 |   143 |   302 |   147 |       ||   672
       Headbutt          |    14 |    21 |    65 |   174 |   177 ||   451
       Falchion          |       |       |       |   248 |    45 ||   293
       Unarmed           |       |       |       |    10 |       ||    10
       Great sword       |       |       |       |   386 |   145 ||   531
       Trident           |       |       |       |    24 |    48 ||    72
       Scimitar          |       |       |       |       |   444 ||   444
 Fire: Shortbow          |       |       |       |       |     7 ||     7
Invok: Call Merchant     |       |       |       |       |     1 ||     1
  Use: Potion            |       |     1 |     1 |       |       ||     2
       Scroll            |       |       |       |     8 |     5 ||    13
 Stab: Distracted        |       |       |       |     7 |     3 ||    10
       Petrified         |       |       |       |       |     2 ||     2
       Sleeping          |       |       |       |       |     1 ||     1
Armor: Scale mail        |    37 |    77 |    51 |       |       ||   165
       Plate armour      |       |       |    49 |   259 |       ||   308
       Chain mail        |       |       |     9 |   118 |       ||   127
       Skin              |       |       |       |    14 |       ||    14
       Robe              |       |       |       |    15 |   242 ||   257
Dodge: Dodged            |    42 |    72 |   147 |   223 |   328 ||   812
Block: Buckler           |    16 |    35 |    71 |   211 |   283 ||   616
       Reflection        |       |       |       |    10 |     1 ||    11
       Other             |       |       |       |    96 |    41 ||   137

Table legend: (Time is in decaauts)
 A = Elapsed time spent in this place.
 B = Non-inter-level travel time spent in this place.
 C = Inter-level travel time spent in this place.
 D = Time resting spent in this place.
 E = Time spent auto-exploring this place.
 F = Levels seen in this place.
 G = Mean time per level.
                   A        B        C        D        E       F      G
               +--------+--------+--------+--------+--------+-----+--------+
         Total |  25984 |  23786 |   2198 |   4365 |  14588 |  18 | 1443.6 |
       Dungeon |  19486 |  17685 |   1801 |   4215 |  10254 |  11 | 1771.5 |
        Temple |    107 |    107 |      0 |      0 |     83 |   1 |  107.0 |
          Lair |   6390 |   5993 |    397 |    150 |   4251 |   6 | 1065.0 |
               +--------+--------+--------+--------+--------+-----+--------+

Top non-repeatable levels by time:
     D:5: 2560 daAuts
     D:7: 2495 daAuts
     D:4: 2337 daAuts
     D:9: 2320 daAuts
     D:8: 1943 daAuts
     D:6: 1871 daAuts
  Lair:1: 1601 daAuts
    D:10: 1519 daAuts
     D:3: 1314 daAuts
     D:1: 1229 daAuts
  Lair:3: 1101 daAuts
    D:11: 1049 daAuts
  Lair:5: 1010 daAuts
  Lair:2: 980 daAuts
  Lair:6: 875 daAuts
